 Dungeon Crawl Stone Soup version 0.20.1-1-g8b1a95d (webtiles) character file.

108 sanboga the Shield-Bearer (level 4, -3/44 HPs)
             Began as a Troll Fighter on Dec 7, 2017.
             Slain by Purgy (6 damage)
             ... on level 3 of the Dungeon on Dec 12, 2017.
             The game lasted 00:08:07 (1684 turns).

sanboga the Shield-Bearer (Troll Fighter)           Turns: 1684, Time: 00:08:08

Health: -3/44      AC:  7    Str: 30    XL:     4   Next: 58%
Magic:  3/3        EV:  8    Int:  4    God:
Gold:   178        SH:  9    Dex:  9    Spells: 3/3 levels left

rFire    . . .     SeeInvis +   k - -1 whip (curse)
rCold    . . .     Gourm    +   c - +0 shield
rNeg     . . .     Faith    .   b - +0 robe
rPois    .         Spirit   .   s - +2 hat {MR+}
rElec    .         Reflect  .   (no cloak)
rCorr    .         Harm     .   (gloves unavailable)
MR       +....                  (boots unavailable)
Stlth    +.........             (no amulet)
Regen    0.6/turn               g - ring of see invisible
MPRegen  0.1/turn               (no ring)

@: mighty
A: unfitting armour, claws 3, fast metabolism 3, gourmand, regeneration 1,
shaggy fur 1, tough skin 2
a: no special abilities


You were on level 3 of the Dungeon.
You were hungry.

You visited 1 branch of the dungeon, and saw 3 of its levels.

You collected 178 gold pieces.

Inventory:

Hand Weapons
 a - a +2 rapier
 k - a cursed -1 whip (weapon)
Armour
 b - a +0 robe (worn)
 c - a +0 shield (worn)
 s - a +2 hat of magic resistance (worn)
Jewellery
 g - a ring of see invisible (left claw)
Scrolls
 i - a scroll of amnesia
 j - 3 scrolls of identify
 m - 2 scrolls of teleportation
Potions
 l - a potion of cancellation
 o - a potion of agility
Comestibles
 f - 3 bread rations
 h - a fruit


   Skills:
 + Level 2.8 Fighting
 + Level 2.1 Short Blades
 + Level 1.5 Maces & Flails
 + Level 2.8 Dodging
 + Level 3.1 Shields


You had 3 spell levels left.
You didn't know any spells.

Dungeon Overview and Level Annotations

Branches:
Dungeon (3/15)

Altars:

Annotations:
D:3 Purgy


Innate Abilities, Weirdness & Mutations

You are too large for most types of armour.
You have claws for hands.
Your metabolism is lightning-fast.
You like to eat raw meat.
Your natural rate of healing is unusually fast.
You are covered in fur. (AC +1)
You have very tough skin. (AC +2)


Message History

You whack Purgy!
Purgy is severely wounded.
Purgy bites you.
* * * LOW HITPOINT WARNING * * *
Purgy closely misses you. Purgy claws you but does no damage.
You completely miss Purgy.
Purgy is severely wounded.
Purgy bites you but does no damage. Purgy closely misses you.
You block Purgy's attack.
You whack Purgy!
Purgy is almost dead.
You block Purgy's attack. x3; Purgy bites you.
* * * LOW HITPOINT WARNING * * *
Purgy claws you.
* * * LOW HITPOINT WARNING * * *
Purgy claws you but does no damage.
You barely miss Purgy.
Purgy is almost dead.
Purgy bites you.
You die...

#.##..#####
#.##......#
.....####.#
#.####
#.#### #.#
#....# #.#
####.#
#.#.###.
#.#
........>
#.#####
#.###.#..
#....@#
#.....
#####T#
....... ..#
#....#..
.### #.##.#
# .. #.# .#
.# #.. # #.
#.# # .
..##.#


You could see Purgy.

Vanquished Creatures
  An orc priest (D:3)
  2 adders (D:2)
  3 worms
  3 leopard geckos
  3 orcs (D:3)
  5 bats
  3 giant cockroaches (D:1)
  6 goblins
  4 hobgoblins
  5 kobolds
  A quokka (D:2)
  4 frilled lizards
  6 rats
46 creatures vanquished.

Notes
Turn   | Place    | Note
-------+----------+-------------------------------------------
     0 | D:1      | sanboga the Troll Fighter began the quest for the Orb.
     0 | D:1      | Reached XP level 1. HP: 22/22 MP: 0/0
    95 | D:1      | Reached XP level 2. HP: 29/29 MP: 1/1
   735 | D:2      | Reached XP level 3. HP: 23/36 MP: 2/2
  1155 | D:2      | HP: 1/36 [poisoned by an adder]
  1164 | D:2      | HP: 1/36 [adder (2)]
  1309 | D:3      | Reached skill level 1 in Maces & Flails
  1309 | D:3      | Reached skill level 3 in Shields
  1309 | D:3      | Reached XP level 4. HP: 14/44 MP: 3/3
  1655 | D:3      | Noticed Purgy
  1684 | D:3      | Slain by Purgy

Skill      XL: |  1  2  3 |
---------------+----------+-----
Short Blades   | 2 |  2.1
Maces & Flails | 1 |  1.5
Shields        | 3 |  3.1
Fighting       | |  2.8
Dodging        | |  2.8

Action                   |  1- 3 |  4- 6 || total
-------------------------+-------+-------++-------
Melee: Rapier            |    67 |       ||    67
       Whip              |    93 |    84 ||   177
  Use: Scroll            |     6 |     1 ||     7
       Potion            |     2 |     7 ||     9
  Eat: Chunk             |     4 |     4 ||     8
       Bread ration      |     1 |       ||     1
Armor: Robe              |    56 |    48 ||   104
Dodge: Dodged            |    56 |    44 ||   100
Block: Shield            |    80 |    66 ||   146
